woodfighter, lawful female dwarven Priestess --------- ---..|....--- |.`..|..``.>| --...``...`.--- |.....|`(...|<| |.`.`..C.`---^| |------^..|.^^| |...`.`^---.^.| --.....^^^^^^-- |.`...`---..| ---.%..(.|--- -------- woodfighter the Adept Experience level: 6 Strength: 15 Dexterity: 13 Constitution: 16 Intelligence: 17 Wisdom: 10 Charisma: 8 Health: 0(53) Energy: 49(49) Def: 3 Gold: 104 Moves: 3738 Dungeon seed: Xp1YgoVdqRck6Hgp Game ID: woodfighter_1553459958 Your Inventory: Coins $ - 104 gold pieces Amulets x - an amulet of magical breathing (being worn) Weapons a - a blessed +1 mace (weapon in hand) Armor n - a +0 small shield (being worn) y - a +0 cloak of invisibility (being worn) M - a +0 orcish helm (being worn) N - a cursed -1 pair of gauntlets of fumbling Comestibles c - a clove of garlic d - a sprig of wolfsbane u - 2 eucalyptus leaves v - 6 food rations J - a cram ration X - 3 eggs Scrolls g - a scroll of light V - a scroll of identify Rings b - a ring of see invisible Wands f - a wand of cancellation (0:1) Z - a wand of polymorph (0:4) Tools h - a magic whistle Gems q - a worthless piece of orange glass r - a worthless piece of yellowish brown glass Spells and supernatural/magical abilities: Name Level Category Fail Memory n - detect monsters 1 divination 27% 82% p - protection 1 clerical 27% 82% x - extra healing 3 healing 96% 82% W - pray for help -- divine ? -- X - turn undead -- divine ? -- Your skills at the end: Miscellaneous Skills shield [Basic] wands [Basic] Weapon Skills pick-axe [Basic] mace [Basic] Spellcasting Skills clerical spells [Basic] Final Attributes: You were devoutly aligned. You had infravision. You were invisible. You were very stealthy. You could survive without air. You are dead. Vanquished creatures: 4 human zombies a baby crocodile a fog cloud a shrieker a violet fungus a straw golem a kitten 3 iguanas 3 rothes a giant bat a dwarf zombie 5 killer bees 2 gas spores a large kobold 5 geckos 3 hobgoblins a giant rat a yellow mold 2 gnome zombies 5 jackals a fox 2 kobolds 6 newts 4 goblins a grid bug 2 bats 5 lichens a kobold zombie 65 creatures vanquished. Voluntary challenges: You did not cause conflict. You did not have reflection. You were not displaced. You were an atheist. You used a wielded weapon 97 times, starting on turn 83. You did not apply a unicorn horn. You did not use plumbed fixtures. You did not drink any magical draughts. You were illiterate. You never genocided any monsters. You never polymorphed an object. You never changed form. You used no wishes. You never split a pudding. You never wrote Elbereth's name. You never violated your personal moral code. Dungeon overview: The Dungeons of Doom: levels 1 to 9 Level 1 (water) a long staircase Level 2 some fountains Level 3 (box) stairs to The Gnomish Mines Level 4 some fountains Level 5 some fountains Level 6 (box) a fountain Level 7 many fountains Level 8 a fountain stairs to Sokoban Level 9 The Gnomish Mines: Level 4 stairs to The Dungeons of Doom Sokoban: Level 7 <- You were here a magic chest stairs to The Dungeons of Doom History has recorded: On T:1 you entered the Dungeons of Doom to retrieve the Amulet of Yendor! On T:371 you reached level 2 of The Dungeons of Doom. On T:591 you advanced to experience level 2. On T:611 you reached level 3 of The Dungeons of Doom. On T:1086 you reached level 4 of The Dungeons of Doom. On T:1088 you advanced to experience level 3. On T:1348 you reached level 1 of The Gnomish Mines. On T:1619 you advanced to experience level 4. On T:1749 you reached level 5 of The Dungeons of Doom. On T:2230 you reached level 6 of The Dungeons of Doom. On T:2592 you reached level 7 of The Dungeons of Doom. On T:2681 you advanced to experience level 5. On T:2876 you advanced to experience level 6. On T:3174 you reached level 8 of The Dungeons of Doom. On T:3496 you reached level 9 of The Dungeons of Doom. On T:3584 you reached level 4 of Sokoban. Score breakdown: Gold: 104 ( 10 points) Experience: 6 levels ( 500 points) Exploration: 9 levels ( 240 points) Discoveries: 13 items ( 650 points) Variety of kills: 28 monsters ( 1400 points) Major goal: (nothing yet) ( 0 points) Survival: died (score multiplied by 3) Total score: 8400 Latest messages: With great effort you move the boulder. You drop a bag called not holding. Your movements are now unencumbered. You hit the plains centaur. The plains centaur bumps right into you! The plains centaur punches you! The plains centaur kicks! You hit the plains centaur! The plains centaur punches you! The plains centaur kicks! You hit the plains centaur. The plains centaur punches you! The plains centaur kicks! The plains centaur punches you! The plains centaur kicks! The plains centaur punches you! The plains centaur kicks! You hit the plains centaur! The plains centaur punches you! The plains centaur kicks! The plains centaur punches you! The plains centaur kicks! You hit the plains centaur. The plains centaur punches you! The plains centaur kicks! You die... Final status: Goodbye woodfighter the Priestess, killed by a plains centaur... You died in Sokoban on dungeon level 7 with 8400 points, and 104 pieces of gold, after 3738 moves. You were level 6 with a maximum of 53 hit points when you died.